 Dungeon Sprint DCSS version 0.29-a0-551-gffc1d7fb78 (webtiles) character file.

Game seed: 676951111483710817

21 rocky1 the Grave Robber (level 2, -6/28 HPs)
             Began as a Demonspawn Necromancer on June 5, 2022.
             Was a Believer of Sif Muna.
             Mangled by a flying skull (10 damage)
             ... in the Dungeon (Sprint VII: "The Pits").
             The game lasted 00:01:54 (335 turns).

rocky1 the Grave Robber (Demonspawn Necromancer)     Turns: 335, Time: 00:01:55

Health: -6/28      AC:  9    Str:  8    XL:     2   Next: 62%
Magic:  5/5        EV: 12    Int: 16    God:    Sif Muna [**....]
Gold:   0          SH:  0    Dex: 13    Spells: 4/5 levels left

rFire   . . .      SeeInvis .   l - +1 quarterstaff (protect)
rCold   . . .      Faith    .   (shield currently unavailable)
rNeg    . . .      Spirit   .   a - +0 robe
rPois   .          Reflect  .   (no helmet)
rElec   .          Harm     .   (no cloak)
rCorr   .          Rampage  .   (no gloves)
Will    .....      NoTele   +   (no boots)
Stlth   ..........              (no amulet)
HPRegen 0.09/turn               (no ring)
MPRegen 0.09/turn               (no ring)

@: mighty, berserking (expiring), under a protective aura, very quick
A: powered by pain 1
a: Renounce Religion, Channel Magic


You were in the Dungeon.
You worshipped Sif Muna.
Sif Muna was pleased with you.
You visited 1 branch

Inventory:

Hand Weapons
 l - a +1 quarterstaff of protection (weapon)
Armour
 a - a +0 robe (worn)
Scrolls
 g - a scroll of blinking
 i - 5 scrolls of amnesia
 j - a scroll of summoning
Potions
 b - 5 potions of magic
 c - 6 potions of curing
 d - 6 potions of heal wounds
 e - a potion of haste
 f - 2 potions of berserk rage
 h - 2 potions of invisibility


   Skills:
 - Level 1.7 Dodging
 - Level 1.7 Stealth
 + Level 2.0 Spellcasting
 + Level 7.4 Necromancy
 + Level 0.0 Invocations


You had 4 spell levels left.
You knew the following spells:

 Your Spells              Type           Power      Damage    Failure   Level
a - Necrotize             Necr           100%       1d9       1%          1

Your spell library contained the following spells:

 Spells                   Type           Power      Damage    Failure   Level
 Vampiric Draining        Necr           25%        2d7       3%          3
 Animate Dead             Necr           25%        N/A       10%         4
 Agony                    Necr           25%        N/A       26%         5


Dungeon Overview and Level Annotations

Branches:
Dungeon (1/1)

Altars:
Ashenzari
Cheibriados
Dithmenos
Elyvilon
Fedhas
Gozag
Hepliaklqana
Kikubaaqudgha
Makhleb
Nemelex Xobeh
Okawaru
Qazlal
Ru
Sif Muna
Trog
Uskayaw
Vehumet
Wu Jian
Xom
Yredelemnul
Zin
The Shining One
Beogh
Jiyva
Lugonu


Innate Abilities, Weirdness & Mutations

You sometimes gain a little power by taking damage.


Message History

You see here a giant cockroach corpse.
There is an open door, spattered with blood here.
There is an open door here.
There is an open door here.
You open the door.
There is an open door here.
Okay, then.
You open the door.
A worm and a flying skull come into view.
The flying skull gives a hideous shriek!
You hear a howl!
There is an open door here.
A warg comes into view.
Okay, then.
A red film seems to cover your vision as you go berserk!
You feel yourself moving faster!
You feel mighty! The flying skull closely misses you.
You closely miss the flying skull. The flying skull barely misses you.
You miss the flying skull. The flying skull closely misses you.
You barely miss the flying skull. The flying skull barely misses you. x2
You closely miss the flying skull. The flying skull hits you!
You focus on the pain.
You feel very mighty all of a sudden.
You miss the flying skull. The flying skull hits you!
* * * LOW HITPOINT WARNING * * *
You sock the flying skull!
Your weapon exudes an aura of protection.
The flying skull is moderately damaged.
The flying skull completely misses you.
You miss the flying skull.
The flying skull is moderately damaged.
The flying skull hits you but does no damage. x2
You barely miss the flying skull.
The flying skull is moderately damaged.
The flying skull misses you.
An iron imp comes into view.
You barely miss the flying skull.
The flying skull is moderately damaged.
The flying skull barely misses you. The flying skull hits you!
You die...

_________.#
_________.#
_______...#######
##########'##.....
#.?(.')))'.##.....
##########.##.....
#..........)'.....
#'#####'#####.....
#@#..#..#..##.....
#z#..+..'..#####'#
#h##'####'###.....
#w#.....†..##.....
#.#........##.....
#.#####'#####...<.
#5#..[)))..##.....
#.#..[)))..##.....
#'###########.....


You could see a warg, a flying skull, a worm and an iron imp.

Vanquished Creatures
  An adder (D)
  2 bat skeletons (D)
  2 giant cockroaches (D)
  A hobgoblin (D)
  A kobold (D)
  A quokka (D)
  A ball python skeleton (D)
  A rat (D)
10 creatures vanquished.

Notes
Turn   | Place    | Note
-------+----------+-------------------------------------------
     0 | D        | rocky1 the Demonspawn Necromancer began the quest for the
                  | Orb.
     0 | D        | Reached XP level 1. HP: 13/13 MP: 3/3
    14 | D        | Reached skill level 5 in Necromancy
    19 | D        | Found a bloodstained altar of Trog.
    19 | D        | Found a shimmering blue altar of Sif Muna.
    19 | D        | Found a viscous altar of Jiyva.
    19 | D        | Found a hazy altar of Hepliaklqana.
    19 | D        | Found an opulent altar of Gozag.
    20 | D        | Found a basalt altar of Yredelemnul.
    20 | D        | Found a shimmering altar of Xom.
    20 | D        | Found an ornate altar of the Wu Jian Council.
    20 | D        | Found a sacrificial altar of Ru.
    20 | D        | Found a stormy altar of Qazlal.
    20 | D        | Found an iron altar of Okawaru.
    20 | D        | Found a sparkling altar of Nemelex Xobeh.
    20 | D        | Found a burning altar of Makhleb.
    20 | D        | Found a blossoming altar of Fedhas.
    20 | D        | Found a shadowy altar of Dithmenos.
    20 | D        | Found a snail-covered altar of Cheibriados.
    22 | D        | Found a radiant altar of Vehumet.
    22 | D        | Found a corrupted altar of Lugonu.
    23 | D        | Found a hide-covered altar of Uskayaw.
    23 | D        | Found an ancient bone altar of Kikubaaqudgha.
    23 | D        | Found a broken altar of Ashenzari.
    25 | D        | Became a worshipper of Sif Muna the Loreminder
    69 | D        | Reached * piety under Sif Muna
    75 | D        | Reached skill level 6 in Necromancy
    80 | D        | Reached skill level 7 in Necromancy
    80 | D        | Gained mutation: You sometimes gain a little power by
                  | taking damage. [demonic ancestry]
    80 | D        | Reached XP level 2. HP: 17/19 MP: 0/5
    83 | D        | Reached ** piety under Sif Muna
   317 | D        | Noticed a flying skull
   318 | D        | Noticed a warg
   335 | D        | Mangled by a flying skull

Illustrated notes

Levels and vault maps discovered:
D:        pitsprint [storerooms_1, entrance_room_1, metal_vault_5, armoury_1,
          mini_pit_1, grid_room_1, main_hall_1, silver_pit, the_coven_3,
          the_vestibule_1, steel_vault_1, golden_pit, hallway_of_sentries,
          crystal_vault_2, iron_vault_2, final_vault]

Skill      XL: |  1 |
---------------+----+-----
Necromancy     | 7 |  7.4
Dodging        | |  1.7
Stealth        | |  1.7
Spellcasting   | |  2.0

Action                   || total
-------------------------++-------
Melee: Quarterstaff      ||    22
 Cast: Necrotize         ||     8
  Use: Potion            ||     1
Armor: Robe              ||     8
Dodge: Dodged            ||    23

Table legend: (Time is in decaauts)
 A = Elapsed time spent in this place.
 B = Non-inter-level travel time spent in this place.
 C = Inter-level travel time spent in this place.
 D = Time resting spent in this place.
 E = Time spent auto-exploring this place.
 F = Levels seen in this place.
 G = Mean time per level.
                   A        B        C        D        E       F      G
               +--------+--------+--------+--------+--------+-----+--------+
         Total |    336 |    336 |      0 |    161 |      0 |   1 |  336.0 |
       Dungeon |    336 |    336 |      0 |    161 |      0 |   1 |  336.0 |
               +--------+--------+--------+--------+--------+-----+--------+

Top non-repeatable levels by time:
       D: 336 daAuts
